 Dungeon Crawl Stone Soup version 0.26.0-10-g1f06aea511 (webtiles) character file.

Game seed: 11085691327351130802

413697 tsouns the Executioner (level 23, -11/193 HPs)
             Began as a Hill Orc Hunter on Jan 21, 2021.
             Was an Initiate of Gozag.
             Mangled by a jiangshi (13 damage)
             ... on level 3 of the Crypt on Jan 22, 2021.
             The game lasted 01:54:19 (63367 turns).

tsouns the Executioner (Hill Orc Hunter)           Turns: 63367, Time: 01:54:22

Health: -11/193    AC: 42    Str: 25    XL:     23   Next: 56%
Magic:  23/23      EV: 15    Int: 13    God:    Gozag
Gold:   13597      SH:  0    Dex: 17    Spells: 22/22 levels left

rFire    . . .     SeeInvis .   J - +9 executioner's axe (vorpal)
rCold    + . .     Faith    .   (shield currently unavailable)
rNeg     + . .     Spirit   .   m - +9 plate armour {rC+}
rPois    +         Reflect  .   w - +2 helmet of the Knight of Wands {Slay+3}
rElec    .         Harm     .   y - +2 cloak {rCorr}
rCorr    +         Rampage  .   h - +2 pair of gloves
Will     ++++.     Clarity  +   v - +2 pair of boots {run}
Stlth    +.........             U - amulet of the acrobat
HPRegen  0.42/turn              s - ring "Gofigodeu" {Will++ Int+2 Dex+6}
MPRegen  0.18/turn              a - ring of Xom's Bemusement {rPois rN+ Will+}

@: gold aura, quick
A: clarity, frail 1
}: 2/15 runes: serpentine, barnacled
a: Renounce Religion, Potion Petition, Call Merchant, Bribe Branch


You were on level 3 of the Crypt.
You worshipped Gozag.
Gozag was extremely pleased with you.
You visited 8 branches of the dungeon, and saw 39 of its levels.
You also visited: Bailey.

You collected 21550 gold pieces.
You spent 5370 gold pieces at shops.
You paid 2583 gold pieces to Gozag.

Inventory:

Hand Weapons
 J - a +9 vorpal executioner's axe (weapon)
Missiles
 c - 58 javelins (quivered)
 I - 2 curare-tipped darts
 K - 12 throwing nets
Armour
 h - a +2 pair of gloves (worn)
 m - a +9 plate armour of cold resistance (worn)
 v - a +2 pair of boots of running (worn)
 w - the +2 helmet of the Knight of Wands (worn) {Slay+3}
   (You bought it in a shop on level 2 of the Orcish Mines)

   It affects your accuracy and damage with ranged weapons and melee attacks
   (+3).
 y - a +2 cloak of preservation (worn)
Jewellery
 a - the ring of Xom's Bemusement (right hand) {rPois rN+ Will+}
   (You bought it in a shop on level 1 of the Shoals)

   [ring of willpower]

   It protects you from poison.
   It protects you from negative energy.
   It affects your willpower, your defense against some magical effects.
 s - the ring "Gofigodeu" (left hand) {Will++ Int+2 Dex+6}
   (You bought it in a shop on level 1 of the Shoals)

   [ring of dexterity]

   It affects your intelligence (+2).
   It affects your dexterity (+6).
   It affects your willpower, your defense against some magical effects.
 x - an uncursed ring of resist corrosion
 U - an amulet of the acrobat (around neck)
Wands
 b - a wand of iceblast (34)
 d - a wand of paralysis (28)
 f - a wand of digging (10)
 j - a wand of disintegration (41)
 n - a wand of acid (12)
 R - a wand of polymorph (16)
 Z - a wand of enslavement (4)
Scrolls
 e - 22 scrolls of remove curse
 k - 5 scrolls of blinking
 q - 2 scrolls of magic mapping
 r - 7 scrolls of enchant weapon
 B - 7 scrolls of fog
 D - 20 scrolls of teleportation
 E - 5 scrolls of silence
 F - 4 scrolls of immolation
 H - 3 scrolls of brand weapon
 L - a scroll of summoning
 O - 11 scrolls of identify
 P - a scroll of acquirement
 S - 9 scrolls of fear
 V - a scroll of holy word
Potions
 g - 8 potions of mutation
 l - a potion of magic
 p - 3 potions of brilliance
 t - 3 potions of ambrosia
 u - 9 potions of flight
 z - 3 potions of invisibility
 A - 18 potions of curing
 C - 7 potions of cancellation
 M - 6 potions of might
 Q - 9 potions of heal wounds
 W - 2 potions of haste
 Y - 2 potions of resistance
Miscellaneous
 i - a box of beasts
 G - a condenser vane
 N - a phantom mirror
 T - a lightning rod (4/4)


   Skills:
 + Level 20.1 Fighting
 - Level 26.0 Axes
 + Level 13.1 Throwing
 + Level 18.5 Armour
 + Level 11.8 Dodging
 + Level 12.9 Stealth
 - Level 7.5 Shields
 - Level 10.9 Evocations


You had 22 spell levels left.
You didn't know any spells.
Your spell library contained the following spells:

 Spells                   Type           Power        Failure   Level
 Animate Skeleton         Necr           0%           87%         1
 Apportation              Tloc           0%           87%         1
 Beastly Appendage        Tmut           0%           87%         1
 Corona                   Hex            0%           87%         1
 Foxfire                  Conj/Fire      0%           87%         1
 Magic Dart               Conj           0%           87%         1
 Pain                     Necr           0%           87%         1
 Summon Small Mammal      Summ           0%           87%         1
 Blink                    Tloc           N/A          95%         2
 Call Imp                 Summ           0%           95%         2
 Corpse Rot               Necr/Air       N/A          95%         2
 Poisonous Vapours        Pois/Air       0%           95%         2
 Slow                     Hex            0%           95%         2
 Sublimation of Blood     Necr           0%           95%         2
 Wereblood                Tmut           0%           95%         2
 Conjure Flame            Conj/Fire      0%           99%         3
 Dazzling Flash           Conj/Hex       0%           99%         3
 Ignite Poison            Fire/Tmut/Pois 0%           99%         3
 Inner Flame              Hex/Fire       0%           99%         3
 Lesser Beckoning         Tloc           0%           99%         3
 Mephitic Cloud           Conj/Pois/Air  0%           99%         3
 Spider Form              Tmut/Pois      0%           99%         3
 Static Discharge         Conj/Air       0%           99%         3
 Tukima's Dance           Hex            0%           99%         3
 Vampiric Draining        Necr           0%           99%         3
 Animate Dead             Necr           0%           100%        4
 Cause Fear               Hex            0%           100%        4
 Dispel Undead            Necr           0%           100%        4
 Fulminant Prism          Conj/Hex       0%           100%        4
 Ice Form                 Ice/Tmut       0%           100%        4
 Leda's Liquefaction      Hex/Erth       0%           100%        4
 Sticky Flame             Conj/Fire      0%           100%        4
 Agony                    Necr           0%           100%        5
 Alistair's Intoxication  Tmut/Pois      0%           100%        5
 Blade Hands              Tmut           0%           100%        5
 Borgnjor's Vile Clutch   Necr/Erth      0%           100%        5
 Excruciating Wounds      Necr           0%           100%        5
 Fireball                 Conj/Fire      0%           100%        5
 Lee's Rapid Deconstruct  Erth           0%           100%        5
 Lightning Bolt           Conj/Air       0%           100%        5
 Metabolic Englaciation   Hex/Ice        0%           100%        5
 Silence                  Hex/Air        0%           100%        5
 Yara's Violent Unravell  Hex/Tmut       0%           100%        5
 Death Channel            Necr           0%           100%        6
 Invisibility             Hex            0%           100%        6
 Simulacrum               Ice/Necr       0%           100%        6
 Starburst                Conj/Fire      0%           100%        6
 Haunt                    Necr/Summ      0%           100%        7
 Malign Gateway           Summ/Tloc      0%           100%        7
 Monstrous Menagerie      Summ           0%           100%        7
 Summon Greater Demon     Summ           0%           100%        7
 Borgnjor's Revivificati  Necr           0%           100%        8
 Discord                  Hex            0%           100%        8
 Ignition                 Fire           0%           100%        8
 Infestation              Necr           0%           100%        8
 Necromutation            Tmut/Necr      0%           100%        8
 Summon Horrible Things   Summ           0%           100%        8
 Death's Door             Necr           0%           100%        9
 Shatter                  Erth           0%           100%        9
 Tornado                  Air            0%           100%        9


Dungeon Overview and Level Annotations

Branches:
Dungeon (13/15)            Temple (0/1) D:7            Lair (6/6) D:11
 Shoals (4/4) Lair:3        Snake (4/4) Lair:2        Slime (0/5) Lair:6
    Orc (2/2) D:10            Elf (3/3) Orc:2        Vaults (4/5) D:13
  Crypt (3/3) Vaults:2       Tomb (0/3) Crypt:3      Bailey (visited)

Altars:
Ashenzari
Elyvilon
Fedhas
Gozag
Hepliaklqana
Kikubaaqudgha
Makhleb
Nemelex Xobeh
Okawaru
Qazlal
Vehumet
Xom
Yredelemnul
Zin
The Shining One
Beogh

Shops:
D:6 }   D:11 ?   D:12 ?   Orc:2 *[=(   Elf:1 =   Shoals:1 =   Snake:2 !
Snake:3 }==   Vaults:1 (

Portals:
Trove: D:10 (give 2 scrolls of acquirement)

Annotations:
D:8 exclusion: oklob plant
Lair:2 1 runed translucent door, Elebi's ghost, journeyman DrTm
Lair:6 exclusion: 3 oklob plants
Elf:2 3 runed translucent doors


Innate Abilities, Weirdness & Mutations

You possess an exceptional clarity of mind.
You are frail. (-10% HP)


Message History

You slice the jiangshi!! You slash the ancient champion!
You destroy the ancient champion!
You slash the jiangshi!
Things that are here:
6 gold pieces; a +2 vorpal great sword; a +3 chain mail
Things that are here:
a +0 great mace of draining; a +0 chain mail The jiangshi misses you. x2
There is a large open door, spattered with blood here.
The jiangshi barely misses you. The jiangshi closely misses you.
You barely miss the jiangshi.
The jiangshi is severely damaged.
The jiangshi barely misses you. The jiangshi claws you.
* * * LOW HITPOINT WARNING * * *
The jiangshi draws strength from your injuries!
The jiangshi claws you but does no damage.
The jiangshi claws you!
You die...
Your body crumbles into a pile of gold.

.......#...#..# .....
.......'...#..# .....
.......#####..# #...
........(.....######..#
#####..............#8.#
#..............#$.#
#...........8###''##
#....####...##)8...## ...#
#....# #...@V)....⌠# ...' #....#
#....'.....⌠# ...' #....#
#...##.....##### ... #....#
#...8###++##...##''#
#####....####......#..#.....#..#
...................#..#.....#..#
..............######))#.....[..#
..............# #...........#
..#######.....##...............#


You could see a jiangshi and an ushabti.

Vanquished Creatures
  Sojobo (Vaults:4)
  Vashnia (Snake:4)
  Xtahua (Vaults:2)
  Nikola (Elf:3)
  2 bone dragons (Crypt:3)
  Jorgrun (Snake:2)
  Asterion (Snake:2)
  3 liches
  2 deep elf blademasters (Elf:3)
  A deep elf master archer (Elf:3)
  Kirke (Lair:6)
  11 ancient champions
  Gastronok (Orc:1)
  A sphinx (Vaults:2)
  2 tengu reavers (Vaults:4)
  A fire giant (Vaults:1)
  6 revenants
  Donald (Orc:2)
  15 nagarajas
  A frost giant (Vaults:4)
  An orc warlord (Orc:2)
  Aizul (Shoals:1)
  5 deep elf sorcerers
  3 vault wardens
  A curse skull (Crypt:1)
  3 ghouls (Crypt:3)
  6 deep elf elementalists (Elf:3)
  A juggernaut skeleton (Crypt:1)
  A reaper (Crypt:3)
  9 ironheart preservers
  5 vampire knights
  5 stone giants
  4 deep elf demonologists
  9 deep elf annihilators
  An entropy weaver (Vaults:4)
  4 merfolk javelineers (Shoals:4)
  An ettin (Vaults:4)
  13 deep elf death magi
  2 mummy priests (Crypt:3)
  Snorg (D:11)
  8 merfolk impalers
  4 yaktaur captains
  A great orb of eyes (Vaults:2)
  2 eidola
  A fire dragon (Lair:3)
  7 deep elf high priests (Elf:3)
  9 jiangshi
  8 ogre magi
  A boulder beetle (D:9)
  4 ice dragons
  8 hydras
  A rakshasa (Vaults:2)
  28 naga warriors
  A catoblepas (Lair:2)
  3 merfolk avatars
  5 anacondas
  8 vault guards (Vaults:1)
  2 death knights
  An anaconda (shapeshifter) (Vaults:4)
  An alligator snapping turtle (Shoals:4)
  5 merfolk aquamancers
  4 centaur warriors
  23 two-headed ogres
  A two-headed ogre (shapeshifter) (Vaults:4)
  3 deep troll shamans
  6 death yaks (Lair:6)
  2 satyrs (Shoals:3)
  4 vampire magi
  24 naga sharpshooters
  5 deep troll earth magi
  3 orc high priests (Orc:2)
  7 shock serpents
  11 deep elf knights
  A titan skeleton (Crypt:3)
  3 salamander mystics
  3 soul eaters
  Nergalle (Orc:2)
  3 shadow wraiths
  11 skeletal warriors
  A ghost moth zombie (Crypt:2)
  8 naga ritualists
  10 deep trolls
  A glowing orange brain (Vaults:2)
  12 sea snakes
  2 bog bodies (Crypt:3)
  A kraken simulacrum (Shoals:4)
  6 flayed ghosts
  7 wizards
  16 deep elf archers
  24 harpies
  5 phantasmal warriors
  2 necromancers
  39 deep elf magi
  17 ironbrand convokers
  An iron dragon zombie (Crypt:2)
  12 mana vipers
  3 orc sorcerers
  13 orc knights
  4 wolf spiders
  12 salamanders
  12 manticores
  32 ugly things
  16 elephants
  11 fauns
  4 merfolk sirens
  12 cyclopes
  A goliath frog skeleton (Crypt:1)
  A guardian serpent (shapeshifter) (Vaults:4)
  36 black mambas
  4 guardian serpents (Snake:4)
  11 vault sentinels
  7 water nymphs
  14 naga magi
  2 cane toads (shapeshifter)
  A shock serpent skeleton (Crypt:3)
  An elephant slug zombie (Crypt:2)
  A purple draconian zombie (Crypt:3)
  9 cane toads
  A kobold demonologist (D:10)
  7 freezing wraiths
  7 rime drakes
  46 yaktaurs
  A white draconian skeleton (Crypt:3)
  10 komodo dragons
  9 guardian mummies (Crypt:3)
  A death yak skeleton (Crypt:3)
  A green draconian skeleton (Crypt:2)
  A hornet (shapeshifter) (Vaults:2)
  A tengu conjurer (D:12)
  28 merfolk
  10 trolls
  5 polar bears (Lair:6)
  10 hornets
  A harpy skeleton (Crypt:2)
  Prince Ribbit (D:8)
  9 wind drakes
  An iron dragon simulacrum (Crypt:3)
  A hydra skeleton (Crypt:1)
  2 dream sheep (Shoals:3)
  8 slime creatures (Vaults:2)
  13 blink frogs
  9 snapping turtles
  Sigmund (D:4)
  4 redbacks (Vaults:4)
  4 air elementals
  2 basilisks
  A shadow (D:13)
  A shock serpent simulacrum (Crypt:3)
  A yak (shapeshifter) (Vaults:2)
  A tyrant leech zombie (Crypt:3)
  7 water elementals
  3 hogs (Lair:6)
  A hog (shapeshifter) (Vaults:3)
  7 wraiths
  4 wyverns
  42 yaks
  3 fire elementals
  2 ushabtiu (Crypt:3)
  A steam dragon (Lair:2)
  A wind drake skeleton (Crypt:2)
  72 nagas
  7 wargs
  2 large abominations (Elf:1)
  An orb spider zombie (Crypt:3)
  2 acid dragons (Vaults:1)
  16 water moccasins
  49 orc warriors
  A swamp drake (Orc:1)
  2 ice beasts
  A black bear (Lair:3)
  36 ogres
  3 necrophages (Crypt:3)
  6 phantoms
  10 boggarts
  An eye of draining (D:8)
  26 wolves
  15 centaurs
  5 big kobolds
  A palentonga zombie (Crypt:2)
  14 bullfrogs
  A draconian zombie (Crypt:3)
  8 elf zombies
  An elf skeleton (D:8)
  2 gnoll sergeants (D:9)
  3 earth elementals
  A wyvern skeleton (D:13)
  2 water moccasin skeletons
  5 scorpions
  6 killer bees (D:9)
  A troll zombie (D:8)
  18 wights
  8 electric eels
  5 howler monkeys
  A crimson imp (Orc:1)
  2 centaur zombies (D:6)
  9 hounds
  A lava snake (Lair:3)
  3 human zombies (D:8)
  25 orc priests
  24 orc wizards
  9 bullfrog skeletons
  4 bullfrog zombies
  Crazy Yiuf (D:7)
  An iron imp (Orc:1)
  2 centaur skeletons
  A human skeleton (D:8)
  2 iguanas
  15 worker ants
  A killer bee zombie (D:5)
  A felid zombie (Crypt:1)
  A deep dwarf zombie (Crypt:2)
  A naga zombie (Crypt:1)
  An acid dragon skeleton (Crypt:1)
  A naga skeleton (Crypt:1)
  An ogre skeleton (Crypt:3)
  8 mummies
  2 worker ant zombies
  12 gnolls
  A howler monkey skeleton (D:7)
  12 adders
  A shadow imp (D:10)
  3 white imps
  An ufetubus (D:8)
  2 adder zombies
  A lava snake zombie (Crypt:1)
  2 adder skeletons
  A worm (D:2)
  6 leopard geckos
  101 orcs
  2 ball pythons
  5 bats
  A bat skeleton (Crypt:3)
  5 giant cockroaches
  13 goblins
  12 hobgoblins
  9 jackals
  3 quokkas
  A ball python skeleton (D:6)
  6 frilled lizards
  A giant cockroach zombie (Crypt:2)
  2 goblin skeletons
  A jackal zombie (D:5)
  33 kobolds
  A leopard gecko skeleton (Crypt:3)
  A leopard gecko zombie (D:9)
  2 orc zombies (D:8)
  7 rats
  A bush (Lair:6)
1690 creatures vanquished.

Vanquished Creatures (others)
  A naga warrior (Snake:3)
  11 dancing weapons
  A shadow wraith (Crypt:3)
  A human (Lair:6)
  An orc wizard (Orc:1)
  A shadow imp (Orc:1)
  A white imp (Orc:1)
  An orc (Orc:2)
  2 fire vortices (Lair:4)
  43 fungi
  104 plants
  4 tentacles (Shoals:4)
171 creatures vanquished.

Grand Total: 1861 creatures vanquished

Notes
Turn   | Place    | Note
-------+----------+-------------------------------------------
     0 | D:1      | tsouns the Hill Orc Hunter began the quest for the Orb.
     0 | D:1      | Reached XP level 1. HP: 18/18 MP: 1/1
   529 | D:1      | Reached XP level 2. HP: 26/26 MP: 2/2
   570 | D:1      | Reached skill level 1 in Axes
  1047 | D:2      | Reached skill level 2 in Axes
  1081 | D:2      | Reached XP level 3. HP: 31/31 MP: 3/3
  1750 | D:2      | Reached skill level 3 in Axes
  1759 | D:2      | Found a hazy altar of Hepliaklqana.
  1819 | D:1      | Reached XP level 4. HP: 8/40 MP: 4/4
  2315 | D:2      | Reached skill level 4 in Axes
  2865 | D:3      | Found an opulent altar of Gozag.
  2873 | D:3      | Became a worshipper of Gozag Ym Sagoz the Greedy
  2913 | D:3      | Reached XP level 5. HP: 46/46 MP: 5/5
  3319 | D:3      | Found a burning altar of Makhleb.
  3321 | D:3      | Found a white marble altar of Elyvilon.
  3517 | D:4      | Noticed Sigmund
  3543 | D:4      | Killed Sigmund
  3544 | D:4      | Reached skill level 5 in Axes
  3544 | D:4      | Reached skill level 1 in Armour
  3544 | D:4      | Reached skill level 1 in Shields
  3544 | D:4      | Reached XP level 6. HP: 31/55 MP: 6/6
  3958 | D:4      | Reached skill level 5 in Fighting
  3958 | D:4      | Reached skill level 6 in Axes
  3996 | D:4      | Noticed a phantom
  4040 | D:4      | Killed a phantom
  4041 | D:4      | Reached XP level 7. HP: 42/61 MP: 7/7
  4793 | D:5      | Entered Level 5 of the Dungeon
  4847 | D:5      | Reached skill level 7 in Axes
  5031 | D:5      | Reached XP level 8. HP: 70/70 MP: 8/8
  5102 | D:5      | Reached skill level 8 in Axes
  5699 | D:5      | Reached skill level 9 in Axes
  6159 | D:6      | Reached XP level 9. HP: 60/78 MP: 9/9
  6417 | D:6      | Reached skill level 10 in Axes
  6557 | D:6      | Reached skill level 5 in Armour
  6557 | D:6      | Reached skill level 5 in Shields
  6573 | D:6      | Found Vobb's Gadget Shop.
  6591 | D:6      | Bought a condenser vane for 560 gold pieces
  6666 | D:6      | Reached skill level 1 in Evocations
  6692 | D:6      | Reached skill level 11 in Axes
  7264 | D:7      | Found a staircase to the Ecumenical Temple.
  7442 | D:7      | Reached XP level 10. HP: 76/88 MP: 10/10
  7756 | D:7      | Got a dazzling hunting sling
  7758 | D:7      | Identified the +2 hunting sling of Grand Expedience
                  | {vorpal, Str+2 Int+4} (You found it on level 7 of the
                  | Dungeon)
  7928 | D:7      | Found an iron altar of Okawaru.
  8390 | D:7      | Found a runed translucent door.
  8391 | D:7      | Noticed Crazy Yiuf
  8399 | D:7      | Killed Crazy Yiuf
  8651 | D:8      | Noticed Prince Ribbit
  8658 | D:8      | Found an ancient bone altar of Kikubaaqudgha.
  8666 | D:8      | Killed Prince Ribbit
  9220 | D:8      | Found a basalt altar of Yredelemnul.
  9297 | D:8      | Reached skill level 12 in Axes
  9499 | D:8      | Found a sparkling altar of Nemelex Xobeh.
  9504 | D:8      | Found a stormy altar of Qazlal.
  9507 | D:8      | Found a glowing golden altar of the Shining One.
  9690 | D:8      | Found a blossoming altar of Fedhas.
  9702 | D:8      | Noticed an oklob plant
 10302 | D:9      | Got a scorched hand axe
 10365 | D:9      | Identified the +1 hand axe of Mastery {vorpal, rPois} (You
                  | found it on level 9 of the Dungeon)
 10395 | D:9      | Found a broken altar of Ashenzari.
 10836 | D:9      | Noticed a centaur warrior
 10837 | D:9      | Noticed a manticore
 10848 | D:9      | Killed a centaur warrior
 10849 | D:9      | Reached XP level 11. HP: 66/97 MP: 11/11
 10861 | D:9      | Killed a manticore
 10862 | D:9      | Reached skill level 13 in Axes
 11264 | D:9      | Noticed a boulder beetle
 11292 | D:9      | Killed a boulder beetle
 12239 | D:10     | Entered Level 10 of the Dungeon
 12261 | D:10     | Found a flagged portal.
 12311 | D:10     | Noticed a two-headed ogre
 12312 | D:10     | Reached skill level 5 in Evocations
 12321 | D:10     | Killed a two-headed ogre
 12390 | Bailey   | Entered a bailey
 12848 | Bailey   | Identified a +1 pair of boots of running (You found it in a
                  | bailey)
 12862 | Bailey   | Noticed an orc knight
 12882 | Bailey   | Killed an orc knight
 13001 | D:10     | Noticed a two-headed ogre
 13009 | D:10     | Killed a two-headed ogre
 13010 | D:10     | Reached skill level 10 in Fighting
 13010 | D:10     | Reached skill level 14 in Axes
 13256 | D:10     | Found a basalt altar of Yredelemnul.
 13423 | D:10     | Found a portal to a secret trove of treasure.
 13461 | D:10     | Found a staircase to the Orcish Mines.
 13750 | D:11     | Found Wualipto's Magic Scroll Shoppe.
 13753 | D:11     | Bought a scroll of summoning for 133 gold pieces
 13753 | D:11     | Bought a scroll of identify for 28 gold pieces
 13753 | D:11     | Bought a scroll of identify for 28 gold pieces
 13753 | D:11     | Bought a scroll of enchant armour for 105 gold pieces
 13753 | D:11     | Bought a scroll of enchant weapon for 105 gold pieces
 13794 | D:11     | Noticed Snorg
 13805 | D:11     | Killed Snorg
 14034 | D:11     | Reached XP level 12. HP: 107/107 MP: 12/12
 14276 | D:11     | Found a staircase to the Lair.
 14326 | D:11     | Noticed a death knight
 14364 | D:11     | Killed a death knight
 14370 | D:11     | Reached skill level 15 in Axes
 14788 | D:11     | Got a pitted wooden ring
 14793 | D:11     | Got a crude copper ring
 14794 | D:11     | Identified the ring "Dyteetz" {Wiz rC+} (You found it on
                  | level 11 of the Dungeon)
 14795 | D:11     | Identified the ring of Irphoen {Will+ Dex+3} (You found it
                  | on level 11 of the Dungeon)
 15154 | D:12     | Found Haraej's Magic Scroll Emporium.
 15205 | D:12     | Bought a scroll of silence for 105 gold pieces
 15205 | D:12     | Bought a scroll of identify for 28 gold pieces
 16196 | D:13     | Reached skill level 16 in Axes
 16206 | D:13     | Noticed a five-headed hydra
 16214 | D:13     | Killed a nine-headed hydra
 16420 | D:13     | Noticed a deep elf knight
 16420 | D:13     | Noticed a two-headed ogre
 16422 | D:13     | Noticed an ogre mage
 16430 | D:13     | Killed a two-headed ogre
 16433 | D:13     | Reached XP level 13. HP: 92/116 MP: 13/13
 16433 | D:13     | Found a gate to the Vaults.
 16446 | D:13     | Killed an ogre mage
 16447 | D:13     | Reached skill level 10 in Armour
 16882 | D:13     | Identified a scroll of acquirement
 16892 | D:13     | Acquired a +5 vorpal executioner's axe
 16914 | D:13     | Reached skill level 17 in Axes
 17460 | Lair:1   | Entered Level 1 of the Lair of Beasts
 17897 | Lair:1   | You fall into a shaft and drop 1 floor!
 17903 | Lair:2   | Found a staircase to the Snake Pit.
 19345 | Lair:2   | Found a runed translucent door.
 19345 | Lair:2   | Found a shimmering altar of Xom.
 19345 | Lair:2   | Noticed Elebi's ghost (journeyman DrTm)
 19654 | Lair:3   | Found a staircase to the Shoals.
 19810 | Lair:3   | Identified the +2 leather armour of Kindness {Will+} (You
                  | found it on level 3 of the Lair of Beasts)
 19872 | Lair:3   | Reached skill level 18 in Axes
 19874 | Lair:3   | Reached XP level 14. HP: 107/127 MP: 14/14
 22043 | Lair:5   | Found a radiant altar of Vehumet.
 22592 | Lair:6   | Entered Level 6 of the Lair of Beasts
 22592 | Lair:6   | Found a staircase to the Slime Pits.
 23094 | Lair:6   | Reached skill level 19 in Axes
 23115 | Lair:6   | Reached skill level 10 in Evocations
 23782 | Lair:6   | Reached XP level 15. HP: 91/137 MP: 15/15
 24435 | Lair:6   | Noticed Kirke
 24457 | Lair:6   | Killed Kirke
 24543 | Lair:6   | Reached skill level 20 in Axes
 24715 | Lair:6   | Identified the cursed +1 ice dragon scales of Foolhardiness
                  | {rF- rC++ Str+3 Dex+3 Stlth-} (You found it on level 6 of
                  | the Lair of Beasts)
 25258 | Orc:1    | Entered Level 1 of the Orcish Mines
 25258 | Orc:1    | Noticed Gastronok
 25452 | Orc:1    | Killed Gastronok
 26041 | Orc:2    | Entered Level 2 of the Orcish Mines
 27067 | Orc:2    | Found a staircase to the Elven Halls.
 27327 | Orc:2    | Noticed Donald
 27343 | Orc:2    | Killed Donald
 27454 | Orc:2    | Noticed Nergalle
 27462 | Orc:2    | Killed Nergalle
 27463 | Orc:2    | Noticed an orc warlord
 27481 | Orc:2    | Killed an orc warlord
 27879 | Orc:2    | Found a roughly hewn altar of Beogh.
 28160 | Orc:2    | Found Qimmuarr's Antique Weapon Shoppe.
 28174 | Orc:2    | Found Sure Mai's Jewellery Shoppe.
 28527 | Orc:2    | Found a roughly hewn altar of Beogh.
 28858 | Orc:2    | Found Jemip's General Store.
 28873 | Orc:2    | Found Ebaba's Antique Armour Shoppe.
 28880 | Orc:2    | Bought a pitted helmet for 247 gold pieces
 28880 | Orc:2    | Identified the +2 helmet of the Knight of Wands {Slay+3}
                  | (You bought it in a shop on level 2 of the Orcish Mines)
 28894 | Orc:2    | Bought a glowing cloak for 195 gold pieces
 28907 | Orc:2    | Bought a pair of embroidered gloves for 195 gold pieces
 28912 | Orc:2    | Bought a blackened plate armour for 728 gold pieces
 28912 | Orc:2    | Identified the +5 plate armour of Parlour Games {rElec
                  | Int+3} (You bought it in a shop on level 2 of the Orcish
                  | Mines)
 29161 | Snake:1  | Entered Level 1 of the Snake Pit
 29366 | Snake:1  | Found a runed translucent door.
 29750 | Snake:1  | Reached XP level 16. HP: 140/147 MP: 16/16
 30507 | Snake:1  | Reached skill level 21 in Axes
 30725 | Snake:1  | Identified the Grimoire of the Enthralling Birds
 30945 | Snake:1  | Reached skill level 5 in Throwing
 31435 | Snake:2  | Noticed Asterion
 31494 | Snake:2  | Reached skill level 15 in Fighting
 31521 | Snake:2  | Noticed a nagaraja
 31539 | Snake:2  | Killed a nagaraja
 32074 | Snake:2  | Found Utubbez's Distillery.
 32080 | Snake:2  | Bought a potion of curing for 57 gold pieces
 32080 | Snake:2  | Bought a potion of haste for 190 gold pieces
 32080 | Snake:2  | Bought a potion of invisibility for 152 gold pieces
 32080 | Snake:2  | Bought a potion of might for 76 gold pieces
 32080 | Snake:2  | Bought a potion of resistance for 190 gold pieces
 32240 | Snake:2  | Noticed Jorgrun
 32264 | Snake:2  | Killed Jorgrun
 32470 | Snake:2  | Noticed a nagaraja
 32478 | Snake:2  | Killed a nagaraja
 32880 | Snake:2  | Killed Asterion
 33016 | Snake:2  | Found a glowing silver altar of Zin.
 33285 | Snake:3  | Noticed a nagaraja
 33295 | Snake:3  | Killed a nagaraja
 33380 | Snake:3  | Reached XP level 17. HP: 66/156 MP: 14/17
 33570 | Snake:3  | Reached skill level 5 in Dodging
 33804 | Snake:3  | Reached skill level 22 in Axes
 34234 | Snake:3  | Found Uhasin's Jewellery Shoppe.
 34239 | Snake:3  | Found Wetad's Gadget Boutique.
 34240 | Snake:3  | Found Xanucw's Jewellery Shoppe.
 34249 | Snake:3  | Bought the ring "Omu Ikh" {+Blink Int+3 Dex-5 SInv} for 471
                  | gold pieces
 35010 | Snake:4  | Entered Level 4 of the Snake Pit
 35048 | Snake:4  | Noticed Vashnia
 35055 | Snake:4  | Killed Vashnia
 37400 | Snake:4  | Reached XP level 18. HP: 121/166 MP: 18/18
 37401 | Snake:4  | Reached skill level 23 in Axes
 38874 | Snake:4  | Got a serpentine rune of Zot
 39803 | Elf:1    | Entered Level 1 of the Elven Halls
 40127 | Elf:1    | Found Sepukhla's Jewellery Shop.
 40251 | Elf:1    | Reached skill level 15 in Armour
 40465 | Elf:1    | Identified the Tome of Darkness
 41671 | Elf:2    | Noticed a Hell Sentinel
 41679 | Elf:2    | Gained mutation: You tend to lose your temper in combat. [a
                  | neqoxec]
 41918 | Elf:2    | Lost mutation: You tend to lose your temper in combat.
                  | [potion of mutation]
 41918 | Elf:2    | Gained mutation: You possess an exceptional clarity of
                  | mind. [potion of mutation]
 41918 | Elf:2    | Gained mutation: You are clumsy. (Dex -2) [potion of
                  | mutation]
 41918 | Elf:2    | Lost mutation: You are clumsy. (Dex -2) [potion of
                  | mutation]
 41982 | Elf:2    | Found a runed translucent gate.
 41982 | Elf:2    | Found a runed translucent gate.
 41982 | Elf:2    | Found a runed translucent gate.
 42200 | Elf:2    | Reached XP level 19. HP: 158/174 MP: 19/19
 42660 | Elf:1    | Found a radiant altar of Vehumet.
 42688 | Elf:3    | Entered Level 3 of the Elven Halls
 42722 | Elf:3    | Reached skill level 24 in Axes
 42966 | Elf:3    | Noticed Nikola
 42975 | Elf:3    | Killed Nikola
 43824 | Elf:3    | Identified the +9 great mace of Descent {drain, *Contam
                  | *Noise rPois Will++}
 43824 | Elf:3    | Identified the ring "Musonon" {Will+ Int+3 Slay-5}
 44376 | Elf:3    | Identified the cursed +1 short sword of Painful Death
                  | {holy, +Blink Will+ Int+4 Dex+5}
 44838 | Elf:3    | Identified the +9 fustibalus of Dried Tears {venom, +Fly
                  | rF+ Int-5} (You found it on level 3 of the Elven Halls)
 45348 | Shoals:1 | Entered Level 1 of the Shoals
 45354 | Shoals:1 | Reached skill level 1 in Stealth
 45563 | Shoals:1 | Noticed Aizul
 45578 | Shoals:1 | Killed Aizul
 45690 | Shoals:1 | Found Mozay's Jewellery Shoppe.
 45698 | Shoals:1 | Bought the ring "Gofigodeu" {Will++ Int+2 Dex+6} for 1171
                  | gold pieces
 46730 | Shoals:2 | Reached skill level 10 in Throwing
 46730 | Shoals:2 | Reached XP level 20. HP: 172/185 MP: 20/20
 47510 | Shoals:3 | Reached skill level 25 in Axes
 48432 | Shoals:4 | Entered Level 4 of the Shoals
 48477 | Shoals:4 | Identified Migopupu's Reference Book on Bewitching Earth
 49140 | Shoals:4 | Got a barnacled rune of Zot
 49429 | Shoals:4 | Reached skill level 5 in Stealth
 50496 | Vaults:1 | Entered Level 1 of the Vaults
 51902 | Vaults:1 | Reached XP level 21. HP: 138/194 MP: 21/21
 52172 | Vaults:1 | Found Biomuneh's Antique Weapon Boutique.
 53185 | Vaults:2 | Noticed Xtahua
 53205 | Vaults:2 | Killed Xtahua
 53206 | Vaults:2 | Reached skill level 10 in Dodging
 54250 | Vaults:2 | Gained mutation: You are frail. (-10% HP) [a neqoxec]
 54608 | Vaults:2 | Found a staircase to the Crypt.
 54608 | Vaults:2 | Found an ancient bone altar of Kikubaaqudgha.
 54609 | Vaults:2 | Found a basalt altar of Yredelemnul.
 55061 | Crypt:1  | Entered Level 1 of the Crypt
 55165 | Crypt:1  | Reached XP level 22. HP: 50/178 MP: 22/22
 55901 | Shoals:1 | Bought the ring of Xom's Bemusement {rPois rN+ Will+} for
                  | 606 gold pieces
 56328 | Vaults:3 | Reached skill level 26 in Axes
 56565 | Vaults:3 | Reached skill level 10 in Stealth
 58303 | Vaults:4 | Noticed Sojobo
 58312 | Vaults:4 | Killed Sojobo
 61487 | Crypt:3  | Entered Level 3 of the Crypt
 61501 | Crypt:3  | Reached XP level 23. HP: 182/193 MP: 23/23
 62692 | Crypt:3  | Found a staircase to the Tomb.
 63357 | Crypt:3  | HP: 2/193 [ancient champion/stone arrow (40)]
 63367 | Crypt:3  | HP: 2/193 [jiangshi (3)]
 63367 | Crypt:3  | Mangled by a jiangshi

Illustrated notes

Levels and vault maps discovered:
D:1:      lightli_arrival_statuegarden, layout_loops_cross, hex_tiny
D:2:      kb_forest_paths, layout_basic, lemuel_crystal_altar
D:3:      layout_basic, pdpol_temple_overflow_zin_treasury_gozag_greed,
          minitemple
D:4:      minmay_bubble_buster, layout_basic, moated_statue,
          corexii_checkpoint_a, minmay_goblin_outpost, uniq_sigmund
D:5:      layout_basic
D:6:      layout_loops_ring, serial_shops,
          nicolae_shop_temple_entry_statues_fountains
D:7:      layout_basic, kennysheep_okawaru_gauntlet,
          minmay_temple_entry_butterflies, uniq_crazy_yiuf_cottage
D:8:      layout_basic, general_overflow_altar,
          lemuel_mausoleum_altar_yredelemnul, minmay_overflow_temple_star_quad,
          tgw_fedhas, uniq_prince_ribbit1
D:9:      hangedman_cross_cluster, layout_layer_cave, ashenzari_altar_1
D:10:     layout_loops_cross, orc_0_dummy, trove_entry_hex_spiral,
          enter_bailey_5, lemuel_centaur_altar
D:11:     layout_roguey, lair_entry_dummy, serial_shops, nicolae_shop_crystal,
          uniq_snorg
D:12:     layout_basic, serial_shops, shop_statue
D:13:     layout_irregular_city, hangedman_vaults_entry_quadrant_bands
Lair:1:   layout_cave_pods, chequers_serial_rivers_small_b, grunt_megastairs_3
Lair:2:   layout_cave_pods, guppyfry_snake_entry_island, ebering_ghost_xom,
          infiniplex_staircase_pool_2
Lair:3:   dragon1_lemuel, layout_small_grid, minmay_shoals_entry_centaurs,
          st_stairs_7, serial_bayou_lake_a
Lair:4:   layout_gridlike, chequers_serial_rivers_micro_e,
          serial_bayou_lagoon_b, serial_bayou_shore_b
Lair:5:   layout_gridlike, basic_altar, st_stairs_8
Lair:6:   gammafunk_lair_ancient_temple, layout_misc_corridors,
          minmay_slime_entry_oklob_open, grunt_forest_small_clearing_treed,
          uniq_kirke
Shoals:1: layout_shoals, serial_shops, nicolae_shop_statue_plus, uniq_aizul
Shoals:2: layout_shoals
Shoals:3: layout_shoals
Shoals:4: shoals_end_grunt_ice, layout_shoals
Snake:1:  layout_onion, library_closet, lightli_airlock
Snake:2:  layout_basic, serial_shops, shop, basic_altar, st_stairs_12,
          grunt_ministairs_1, drop_trap, uniq_jorgrun, uniq_asterion
Snake:3:  layout_misc_corridors, grunt_megastairs_1, serial_bayou_shore_b,
          serial_bayou_shore_a, minmay_shop_grove
Snake:4:  grunt_snake_rune_spirals, layout_concentric_octagons, uniq_vashnia
Orc:1:    layout_caves, hangedman_minor_magic, uniq_gastronok
Orc:2:    grunt_orc_cross, layout_diamond_mine, enter_volcano_2,
          minmay_orc_temple_c, uniq_donald
Elf:1:    lemuel_upstairs_altar, layout_geoelf_diagonals, serial_shops, shop,
          minmay_elf_necromancy
Elf:2:    layout_loops_corners, uniq_azrael
Elf:3:    minmay_elf_hall_hex, layout_geoelf_diagonals, uniq_nikola
Vaults:1: v_misc_33, hangedman_vaults_corner_blocks,
          nicolae_vaults_little_squares_3, grunt_vaults_focal,
          hangedman_vaults_capsules, vaults_room_guarded_vault, v_misc_30,
          v_alt_pattern_3, layout_vaults_chaotic_city, serial_shops, shop_statue
Vaults:2: minmay_crypt_entry_necro_gods, nicolae_vaults_fighting_squares,
          vaults_room_large_hall, ontoclasm_vaults_hangar, v_rooms_2,
          vaults_room_hallway, v_pattern_5, hangedman_vaults_corner,
          hangedman_vaults_maws, v_misc_12, grunt_vaults_trifunnel,
          nicolae_vaults_asterisk, grunt_vaults_hallway_short,
          layout_vaults_ring, uniq_xtahua
Vaults:3: nicolae_vaults_rhombus_6, nicolae_vaults_network_quinsquares
          [nicolae_vaults_network_quincunx_subvault,
          nicolae_vaults_network_quincunx_subvault,
          nicolae_vaults_network_quincunx_subvault,
          nicolae_vaults_network_quincunx_subvault],
          nicolae_vaults_inception_corners, ontoclasm_vaults_idyll,
          ontoclasm_vaults_claustrophobia, nicolae_vaults_little_squares_3,
          ontoclasm_vaults_ring_large, v_misc_26, hangedman_vaults_slither,
          vaults_room_stairs_pillars, nicolae_vaults_mini_display_case,
          layout_vaults_big_cross
Vaults:4: ontoclasm_vaults_ligature, v_alt_pattern_6,
          nicolae_vaults_windows_and_doors_thing, vaults_dpeg_hooks, v_misc_16,
          v_misc_15, v_misc_14, hangedman_vaults_trim,
          nicolae_vaults_ring_of_whatevers, ontoclasm_vaults_chip,
          layout_vaults_quadrants, uniq_sojobo
Crypt:1:  layout_rooms, st_stairs_10, grunt_megastairs_4,
          grunt_crypt_arrival_split
Crypt:2:  layout_gridlike
Crypt:3:  lightli_unholy_cathedral, layout_chaotic_city,
          nicolae_tomb_entry_grand_gallery

Skill      XL: |  1  2  3  4  5  6  7  8  9 10 11 12 13 14 15 16 17 18 19 20 21 22 23 |
---------------+----------------------------------------------------------------------+-----
Fighting       | 3 4 5 6 8 9 10 11 12 13 14 15 16 17 18 19 20 | 20.1
Axes           | 2 3 4 5 6 7 9 11 12 14 16 18 19 20 21 22 23 24 25 26 | 26.0
Armour         | 1 2 3 4 5 7 8 9 11 12 13 14 15 16 17 18 | 18.5
Shields        | 1 2 3 4 5 7 |  7.5
Evocations     | 2 4 6 7 9 10 | 10.9
Dodging        | 2 4 6 7 8 9 10 11 | 11.8
Throwing       | 4 6 7 8 10 11 12 13 | 13.1
Stealth        | 2 6 9 12 | 12.9

Action                   |  1- 3 |  4- 6 |  7- 9 | 10-12 | 13-15 | 16-18 | 19-21 | 22-24 || total
-------------------------+-------+-------+-------+-------+-------+-------+-------+-------++-------
Melee: Short sword       |    37 |       |       |       |       |       |       |       ||    37
       Hand axe          |    95 |   147 |       |       |       |       |       |       ||   242
       War axe           |       |    31 |   257 |   323 |       |       |       |       ||   611
       Unarmed           |       |       |       |     4 |       |       |       |       ||     4
       Battleaxe         |       |       |       |   170 |       |       |       |       ||   170
       Broad axe         |       |       |       |   191 |    53 |       |       |       ||   244
       Executioner's axe |       |       |       |       |   727 |   957 |  1115 |   690 ||  3489
Throw: Dart              |     4 |     6 |     5 |    15 |     4 |     3 |     3 |       ||    40
       Throwing net      |     1 |       |     1 |     1 |       |       |     1 |       ||     4
       Javelin           |       |       |     4 |     8 |     8 |     2 |    16 |       ||    38
       Stone             |       |       |     2 |       |       |       |       |       ||     2
       Boomerang         |       |       |       |       |     7 |     1 |       |       ||     8
Invok: Potion Petition   |       |       |       |       |       |     2 |     1 |     2 ||     5
Evoke: Condenser vane    |       |       |       |     1 |     1 |     2 |     3 |       ||     7
       Wand              |       |       |       |     4 |    22 |       |       |       ||    26
       Lightning rod     |       |       |       |       |     4 |       |     4 |       ||     8
  Use: Scroll            |       |    14 |     7 |    16 |    20 |     9 |     6 |       ||    72
       Potion            |       |       |       |     2 |     1 |     9 |     3 |       ||    15
 Stab: Sleeping          |     1 |       |       |       |       |       |       |       ||     1
       Distracted        |       |       |     1 |     7 |    12 |     6 |    14 |     4 ||    44
       Held in net/web   |       |       |       |     2 |       |       |       |       ||     2
       Paralysed         |       |       |       |     4 |     2 |       |       |       ||     6
       Confused          |       |       |       |       |     3 |       |       |       ||     3
       Invisible         |       |       |       |       |       |     2 |       |       ||     2
Armor: Leather armour    |    16 |       |       |       |       |       |       |       ||    16
       Ring mail         |     6 |       |       |       |       |       |       |       ||     6
       Plate armour      |    28 |   100 |   121 |   374 |   492 |   528 |   657 |   364 ||  2664
       Chain mail        |    33 |    19 |       |    27 |       |       |       |       ||    79
Dodge: Dodged            |    75 |    31 |    69 |   181 |   322 |   390 |   671 |   325 ||  2064
Block: Buckler           |       |    10 |    45 |   100 |     6 |       |       |       ||   161
